3R
ORLANDO MAGIC @ SANTA FE REVOLVERS
07/20/2033
 
TOP OF THE 1ST
Orlando Magic batting - Pitching for Santa Fe Revolvers : RHP Lorenzo Sánchez
Pitching: RHP Lorenzo Sánchez
Batting: RHB Diederick Tuiters 0-0: Foul Ball, location: 2F
0-1: Ball
1-1: Foul Ball, location: 2F
1-2: Strikes out looking
Batting: RHB Jesús Ríos 0-0: Called Strike
0-1: Ball
1-1: Ball
2-1: Foul Ball, location: 2F
2-2: Strikes out looking
Batting: RHB Luis Tañón 0-0: Swinging Strike
0-1: Swinging Strike
0-2: SINGLE (Flyball, 78S)
Batting: LHB Donald McJannett 0-0: Ball
1-0: Ball
2-0: SINGLE (Line Drive, 34D)
Luis Tañón to second
Batting: RHB Adrián Xirau 0-0: Ball
1-0: Ball
2-0: Ball
3-0: Called Strike
3-1: Foul Ball, location: 2F
3-2: Strikes out swinging
Top of the 1st over - 0 runs, 2 hits, 0 errors, 2 left on base; Orlando 0 - Santa Fe 0
BOTTOM OF THE 1ST
Santa Fe Revolvers batting - Pitching for Orlando Magic : LHP Gerald Orlebar
Pitching: LHP Gerald Orlebar
Batting: RHB Brook Linen 0-0: Called Strike
0-1: Foul Ball, location: 2F
0-2: Strikes out swinging
Batting: RHB Eric Landry 0-0: Foul Ball, location: 2F
0-1: Swinging Strike
0-2: TRIPLE (Flyball, 8LXD)
Batting: SHB Chien-shih Dun 0-0: Fly out, F8 (Flyball, 8LXD)
Runner from 3rd tags up, SCORES, no throw
Batting: RHB Gary Ellis 0-0: Ball
1-0: Swinging Strike
1-1: Ground out 5-3 (Groundball, 5)
Bottom of the 1st over - 1 run, 1 hit, 0 errors, 0 left on base; Orlando 0 - Santa Fe 1
TOP OF THE 2ND
Orlando Magic batting - Pitching for Santa Fe Revolvers : RHP Lorenzo Sánchez
Batting: RHB Joshua Cadaval 0-0: Ball
1-0: Foul Ball, location: 2F
1-1: Ground out 5-3 (Groundball, 56)
Batting: RHB J.J. Holmes 0-0: Called Strike
0-1: Foul Ball, location: 2F
0-2: Ball
1-2: Ball
2-2: Fly out, F9 (Flyball, 9D)
Batting: SHB Borisav Aleksic 0-0: Ball
1-0: Ground out 4-3 (Groundball, 4)
Top of the 2nd over - 0 runs, 0 hits, 0 errors, 0 left on base; Orlando 0 - Santa Fe 1
BOTTOM OF THE 2ND
Santa Fe Revolvers batting - Pitching for Orlando Magic : LHP Gerald Orlebar
Batting: LHB Brendon Lewis 0-0: Ball
1-0: Fly out, F9 (Flyball, 9LS)
Batting: RHB Sean Domburg 0-0: Ball
1-0: Called Strike
1-1: Ball
2-1: Ball
3-1: Base on Balls
Batting: RHB Harley Colman 0-0: Ball
1-0: Ball
2-0: Ground out 5-3 (Groundball, 56S)
Sean Domburg to second
Batting: RHB Jason Watts 0-0: Swinging Strike
0-1: Foul Ball, location: 2F
0-2: Ball
1-2: Ball
2-2: Ball
3-2: Foul Ball, location: 2F
3-2: Strikes out looking
Bottom of the 2nd over - 0 runs, 0 hits, 0 errors, 1 left on base; Orlando 0 - Santa Fe 1
TOP OF THE 3RD
Orlando Magic batting - Pitching for Santa Fe Revolvers : RHP Lorenzo Sánchez
Batting: RHB Dave Thomas 0-0: Foul Ball, location: 2F
0-1: Called Strike
0-2: Strikes out looking
Batting: RHB Diederick Tuiters 0-0: Foul Ball, location: 2F
0-1: Swinging Strike
0-2: Ball
1-2: Foul Ball, location: 2F
1-2: Ground out 5-3 (Groundball, 56)
Batting: RHB Jesús Ríos 0-0: Called Strike
0-1: Swinging Strike
0-2: Ball
1-2: Strikes out swinging
Top of the 3rd over - 0 runs, 0 hits, 0 errors, 0 left on base; Orlando 0 - Santa Fe 1
BOTTOM OF THE 3RD
Santa Fe Revolvers batting - Pitching for Orlando Magic : LHP Gerald Orlebar
Batting: LHB Leilani Aberahama 0-0: Ball
1-0: Foul Ball, location: 2F
1-1: Foul Ball, location: 2F
1-2: Fly out, F9 (Flyball, 89D)
Batting: RHB Brook Linen 0-0: Called Strike
0-1: Foul Ball, location: 2F
0-2: Ball
1-2: Ball
2-2: Ground out 6-3 (Groundball, 6M)
Batting: RHB Eric Landry 0-0: Ball
1-0: SINGLE (Line Drive, 7S)
Batting: SHB Chien-shih Dun 0-0: Ball
1-0: Called Strike
1-1: Called Strike
1-2: Ball
2-2: Foul Ball, location: 2F
2-2: Foul Ball, location: 2F
2-2: Strikes out swinging
Bottom of the 3rd over - 0 runs, 1 hit, 0 errors, 1 left on base; Orlando 0 - Santa Fe 1
TOP OF THE 4TH
Orlando Magic batting - Pitching for Santa Fe Revolvers : RHP Lorenzo Sánchez
Batting: RHB Luis Tañón 0-0: Foul Ball, location: 2F
0-1: Ball
1-1: Foul Ball, location: 2F
1-2: Strikes out swinging
Batting: LHB Donald McJannett 0-0: Fly out, F9 (Flyball, 9S)
Batting: RHB Adrián Xirau 0-0: Foul Ball, location: 2F
0-1: Swinging Strike
0-2: Ball
1-2: Strikes out swinging
Top of the 4th over - 0 runs, 0 hits, 0 errors, 0 left on base; Orlando 0 - Santa Fe 1
BOTTOM OF THE 4TH
Santa Fe Revolvers batting - Pitching for Orlando Magic : LHP Gerald Orlebar
Batting: RHB Gary Ellis 0-0: Called Strike
0-1: Ball
1-1: Fly out, F7 (Line Drive, 78D)
Batting: LHB Brendon Lewis 0-0: Fly out, F7 (Flyball, 7S)
Batting: RHB Sean Domburg 0-0: Ball
1-0: Called Strike
1-1: Swinging Strike
1-2: Foul Ball, location: 2F
1-2: Foul Ball, location: 2F
1-2: Ball
2-2: Foul Ball, location: 2F
2-2: Ground out 4-3 (Groundball, 4)
Bottom of the 4th over - 0 runs, 0 hits, 0 errors, 0 left on base; Orlando 0 - Santa Fe 1
TOP OF THE 5TH
Orlando Magic batting - Pitching for Santa Fe Revolvers : RHP Lorenzo Sánchez
Batting: RHB Joshua Cadaval 0-0: Fly out, F8 (Flyball, 8RD)
Batting: RHB J.J. Holmes 0-0: Foul Ball, location: 2F
0-1: Foul Ball, location: 2F
0-2: Ball
1-2: Strikes out looking
Batting: SHB Borisav Aleksic 0-0: Called Strike
0-1: Fly out, F6 (Line Drive, 6)
Top of the 5th over - 0 runs, 0 hits, 0 errors, 0 left on base; Orlando 0 - Santa Fe 1
BOTTOM OF THE 5TH
Santa Fe Revolvers batting - Pitching for Orlando Magic : LHP Gerald Orlebar
Batting: RHB Harley Colman 0-0: Ball
1-0: Called Strike
1-1: Foul Ball, location: 2F
1-2: Fly out, F6 (Line Drive, 6)
Batting: RHB Jason Watts 0-0: Swinging Strike
0-1: Swinging Strike
0-2: Ground out 5-3 (Groundball, 56S)
Batting: LHB Leilani Aberahama 0-0: Foul Ball, location: 2F
0-1: Ball
1-1: Foul Ball, location: 2F
1-2: SINGLE (Line Drive, 9)
Batting: RHB Brook Linen 0-0: Ball
1-0: Called Strike
Leilani Aberahama is caught stealing 2nd base
Bottom of the 5th over - 0 runs, 1 hit, 0 errors, 0 left on base; Orlando 0 - Santa Fe 1
TOP OF THE 6TH
Orlando Magic batting - Pitching for Santa Fe Revolvers : RHP Lorenzo Sánchez
Batting: RHB Dave Thomas 0-0: Ball
1-0: Fly out, F8 (Flyball, 8RD)
Batting: RHB Diederick Tuiters 0-0: Fly out, F7 (Flyball, 78D)
Batting: RHB Jesús Ríos 0-0: Fly out, F9 (Flyball, 9LM)
Top of the 6th over - 0 runs, 0 hits, 0 errors, 0 left on base; Orlando 0 - Santa Fe 1
BOTTOM OF THE 6TH
Santa Fe Revolvers batting - Pitching for Orlando Magic : LHP Gerald Orlebar
Batting: RHB Brook Linen 0-0: Called Strike
0-1: Foul Ball, location: 2F
0-2: Foul Ball, location: 2F
0-2: Ball
1-2: Ball
2-2: Strikes out looking
Batting: RHB Eric Landry 0-0: Swinging Strike
0-1: Hit by Pitch
Batting: SHB Chien-shih Dun 0-0: Ball
1-0: Called Strike
1-1: Fly out, F8 (Flyball, 8LXD)
Batting: RHB Gary Ellis 0-0: Called Strike
0-1: Ball
1-1: Called Strike
1-2: Fly out, F2 (Popup, 2LF)
Bottom of the 6th over - 0 runs, 0 hits, 0 errors, 1 left on base; Orlando 0 - Santa Fe 1
TOP OF THE 7TH
Orlando Magic batting - Pitching for Santa Fe Revolvers : RHP Lorenzo Sánchez
Batting: RHB Luis Tañón 0-0: Called Strike
0-1: Foul Ball, location: 2F
0-2: Ball
1-2: Ball
2-2: Strikes out looking
Batting: LHB Donald McJannett 0-0: Called Strike
0-1: Fly out, F3 (Line Drive, 3)
Batting: RHB Adrián Xirau 0-0: Ground out 3-1 (Groundball, 34)
Top of the 7th over - 0 runs, 0 hits, 0 errors, 0 left on base; Orlando 0 - Santa Fe 1
BOTTOM OF THE 7TH
Santa Fe Revolvers batting - Pitching for Orlando Magic : LHP Gerald Orlebar
Batting: LHB Brendon Lewis 0-0: Ball
1-0: Foul Ball, location: 2F
1-1: Ball
2-1: Called Strike
2-2: Foul Ball, location: 2F
2-2: SINGLE (Groundball, 4MD)
Batting: RHB Sean Domburg 0-0: SINGLE (Groundball, 4MD)
Brendon Lewis to second
Pinch Runner at 2nd Javier Silva:
Batting: RHB Harley Colman 0-0: Ball
1-0: Sac Bunt - play at first, batter OUT! 1-4
Javier Silva to third
Sean Domburg to second
Batting: RHB Jason Watts 0-0: Intentional Walk
Batting: LHB Leilani Aberahama 0-0: Ball
1-0: Swinging Strike
1-1: SINGLE (Groundball, 34D)
Javier Silva scores
Sean Domburg to third
Jason Watts to second
Runner from 3rd tries for Home, throw and OUT!
Batting: RHB Brook Linen 0-0: Called Strike
0-1: 3-RUN HOME RUN (Flyball, 7LD), Distance : 363 ft
Pitching: LHP Miguel Sánchez
Batting: RHB Eric Landry 0-0: Swinging Strike
0-1: Ball
1-1: Ball
2-1: Called Strike
2-2: Ball
3-2: Strikes out looking
Bottom of the 7th over - 4 runs, 4 hits, 0 errors, 0 left on base; Orlando 0 - Santa Fe 5
TOP OF THE 8TH
Orlando Magic batting - Pitching for Santa Fe Revolvers : RHP Lorenzo Sánchez
Now at SS: Carroll Stevens
Now in CF: Javier Silva
Batting: RHB Joshua Cadaval 0-0: Ball
1-0: SINGLE (Groundball, 6D)
Batting: RHB J.J. Holmes 0-0: Called Strike
0-1: Called Strike
0-2: Foul Ball, location: 2F
0-2: Grounds into double play, 5-4-3 (Groundball, 56)
Batting: SHB Borisav Aleksic 0-0: Ball
1-0: Called Strike
1-1: Foul Ball, location: 2F
1-2: Foul Ball, location: 2F
1-2: Foul Ball, location: 2F
1-2: Foul Ball, location: 2F
1-2: Strikes out looking
Top of the 8th over - 0 runs, 1 hit, 0 errors, 0 left on base; Orlando 0 - Santa Fe 5
BOTTOM OF THE 8TH
Santa Fe Revolvers batting - Pitching for Orlando Magic : LHP Miguel Sánchez
Batting: SHB Chien-shih Dun 0-0: Called Strike
0-1: Fly out, F7 (Flyball, 78M)
Batting: RHB Gary Ellis 0-0: Ball
1-0: Ground out U3 (Groundball, 3)
Batting: SHB Javier Silva 0-0: Ball
1-0: Called Strike
1-1: Swinging Strike
1-2: Foul Ball, location: 2F
1-2: Ball
2-2: Ball
3-2: DOUBLE (Groundball, 5L)
Batting: RHB Sean Domburg 0-0: Called Strike
0-1: Ball
1-1: Foul Ball, location: 2F
1-2: Ball
2-2: Fly out, F8 (Flyball, 8LD)
Bottom of the 8th over - 0 runs, 1 hit, 0 errors, 1 left on base; Orlando 0 - Santa Fe 5
TOP OF THE 9TH
Orlando Magic batting - Pitching for Santa Fe Revolvers : RHP Lorenzo Sánchez
Batting: RHB Dave Thomas 0-0: Called Strike
0-1: Foul Ball, location: 2F
0-2: Foul Ball, location: 2F
0-2: Ball
1-2: Strikes out swinging
Batting: RHB Diederick Tuiters 0-0: Ball
1-0: Foul Ball, location: 2F
1-1: Called Strike
1-2: Strikes out looking
Batting: RHB Jesús Ríos 0-0: Ball
1-0: Fly out, F9 (Flyball, 9LMF)
Top of the 9th over - 0 runs, 0 hits, 0 errors, 0 left on base; Orlando 0 - Santa Fe 5
Saturday, December 22nd, 2018 - OOTP Baseball 18.8 Build 76